 Dungeon Crawl Stone Soup version 0.31-a0-851-g7ff8af7976 (webtiles) character file.

Game seed: 1721910644395352969

2 javelincjr the Magician (level 1, -2/11 HPs)
             Began as an Octopode Hedge Wizard on Oct 5, 2023.
             Frozen to death by an endoplasm (4 damage)
             ... on level 1 of the Dungeon.
             The game lasted 00:00:38 (119 turns).

javelincjr the Magician (Octopode Hedge Wizard)      Turns: 119, Time: 00:00:38

Health: -2/11      AC:  1    Str:  9    XL:     1   Next: 40%
Magic:  4/4        EV: 13    Int: 16    God:
Gold:   13         SH:  0    Dex: 11    Spells: 5/6 levels left

rFire   . . .        a - +0 dagger
rCold   . . .        (no shield)
rNeg    . . .        b - +0 hat
rPois   .            (no amulet)
rElec   .            (no ring)
rCorr   .            (no ring)
SInv    .            (no ring)
Will    .....        (no ring)
Stlth   +++          (no ring)
HPRegen 0.21/turn    (no ring)
MPRegen 0.09/turn    (no ring)
                     (no ring)

%: no passive effects
@: no status effects
A: almost no armour, amphibious, 8 rings, camouflage 1, gelatinous body 1,
(nimble swimmer 1), tentacles
a: no special abilities


You were on level 1 of the Dungeon.
You visited 1 branch of the dungeon, and saw 1 of its levels.

You collected 13 gold pieces.

Inventory:

Hand Weapons
 a - a +0 dagger (weapon)
Armour
 b - a +0 hat (worn)
Potions
 c - a potion of magic


   Skills:
 + Level 2.0 Dodging
 + Level 2.7 Stealth
 + Level 3.0 Spellcasting
 + Level 1.0 Conjurations
 + Level 1.1 Summonings
 + Level 1.1 Translocations


You had 5 spell levels left.
You knew the following spells:

 Your Spells              Type           Power      Damage    Failure   Level
a - Magic Dart            Conj           20%        1d4       12%         1

Your spell library contained the following spells:

 Spells                   Type           Power      Damage    Failure   Level
 Slow                     Hex            8%         N/A       19%         1
 Blink                    Tloc           10%        N/A       19%         2
 Call Imp                 Summ           12%        N/A       19%         2
 Cigotuvi's Dreadful Rot  Necr/Pois/Air  4%         N/A       28%         2
 Mephitic Cloud           Conj/Pois/Air  3%         N/A       43%         3


Dungeon Overview and Level Annotations

Branches:
Dungeon (1/15)

Altars:

Shops:
D:1 (


Innate Abilities, Weirdness & Mutations

You cannot wear most types of armour.
You are amphibious.
You can wear up to eight rings at the same time.
Your skin changes colour to match your surroundings (Stealth+).
Your rubbery body absorbs attacks. (AC +1, EV +1)
((You are camouflaged when in or above water. (Stealth+)))
You have tentacles for arms and can constrict up to eight enemies at once.


Message History

HP restored.
You see here a +0 dagger.
Found a ring mail.
A frilled lizard comes into view.
The frilled lizard hisses angrily.
The frilled lizard bites you.
You hit the frilled lizard.
You kill the frilled lizard!
A rat comes into view.
Found 9 gold pieces.
The rat bites you.
You hit the rat.
You kill the rat!
No reachable target in view!
No reachable target in view!
Found Piluav's Weapon Shop.
You see here a rat corpse.
Found 5 boomerangs and a cloak.
Found a stone staircase leading down.
You now have 13 gold pieces (gained 9).
There is an entrance to Piluav's Weapon Shop here.
A goblin comes into view. It is wielding a +0 dagger.
An endoplasm comes into view.
The endoplasm quivers.
The endoplasm moves out of view.
The goblin shouts!
The endoplasm closely misses you.
You barely miss the endoplasm. Your squeeze misses the endoplasm.
The endoplasm freezes you.
You are frozen.
The goblin closely misses you.
You hit the endoplasm but do no damage. Your squeeze misses the endoplasm.
The goblin hits you with a +0 dagger. The endoplasm freezes you.
You are frozen.
* * * LOW HITPOINT WARNING * * *
You are too injured to fight recklessly!
You are too injured to fight recklessly!
You closely miss the goblin. Your grab misses the goblin.
Your squeeze misses the goblin. The goblin closely misses you.
The endoplasm freezes you.
You are frozen.
You die...

###### #....#
##....## ......
#....# #....#####
#.Jg.....## #.
######@.......
..##.#.#
#.............
##......#
#.....###.....
..#....###.....#
####
#..............#
##.#..#####.....#
#.[.>.#..(#.#...#
#..#..#####.#...#
#.......∩...###.#


You could see a +0 giant club, an endoplasm and a goblin.

Vanquished Creatures
  A goblin (D:1)
  A frilled lizard (D:1)
  A rat (D:1)
3 creatures vanquished.

Notes
Turn   | Place    | Note
-------+----------+-------------------------------------------
     0 | D:1      | javelincjr the Octopode Hedge Wizard began the quest for
                  | the Orb.
     0 | D:1      | Reached XP level 1. HP: 11/11 MP: 4/4
    82 | D:1      | Noticed a +0 quick blade
    96 | D:1      | Found Piluav's Weapon Shop.
    98 | D:1      | Noticed a +0 giant club
   119 | D:1      | Frozen to death by an endoplasm

Illustrated notes

Levels and vault maps discovered:
D:1:      giann_wishing_wells, layout_basic, serial_curves, eino_curves_01,
          eino_curves_03, serial_shops, nicolae_shop_crystal,
          nicolae_shop_mannequins

Action                     || total
---------------------------++-------
  Melee: Dagger            ||     9
         Tentacles         ||     1
 Armour: Skin              ||     5
  Dodge: Dodged            ||     4

Table legend: (Time is in decaauts)
 A = Elapsed time spent in this place.
 B = Non-inter-level travel time spent in this place.
 C = Inter-level travel time spent in this place.
 D = Time resting spent in this place.
 E = Time spent auto-exploring this place.
 F = Levels seen in this place.
 G = Mean time per level.
                   A        B        C        D        E       F      G
               +--------+--------+--------+--------+--------+-----+--------+
         Total |    119 |    119 |      0 |      0 |     90 |   1 |  119.0 |
       Dungeon |    119 |    119 |      0 |      0 |     90 |   1 |  119.0 |
               +--------+--------+--------+--------+--------+-----+--------+

Top non-repeatable levels by time:
     D:1: 119 daAuts
